 Dungeon Crawl Stone Soup version 0.24.0-13-gcf9b319 (webtiles) character file.

Game seed: 14986204731550426407, levelgen mode: deterministic

73253 silenth the Basher (level 15, -11/144 HPs)
             Began as a Naga Fighter on Mar 12, 2020.
             Was a High Priest of Okawaru.
             Mangled by an orc warrior
             ... wielding a +0 morningstar
              (17 damage)
             ... on level 2 of the Orcish Mines.
             The game lasted 00:28:30 (22209 turns).

silenth the Basher (Naga Fighter)                  Turns: 22209, Time: 00:28:31

Health: -11/144    AC: 25    Str: 26    XL:     15   Next: 42%
Magic:  20/23      EV: 11    Int:  8    God:    Okawaru [*****.]
Gold:   1190       SH: 12    Dex: 19    Spells: 14/14 levels left

rFire    . . .     SeeInvis +   a - +3 flail (venom)
rCold    x . .     Gourm    .   c - +0 shield
rNeg     + + .     Faith    .   h - +0 ring mail "Iqipn" {rPois Dex+4 Slay+3}
rPois    +         Spirit   .   E - +1 helmet
rElec    +         Reflect  .   k - +1 cloak
rCorr    .         Harm     .   y - +2 pair of gloves
MR       +....                  Q - +0 naga barding of Mirth {rElec rC- rN++ Stlth+}
Stlth    +++.......             U - amulet of Ytarowy {+Rage Str+2}
HPRegen  0.34/turn              b - +3 ring of dexterity
MPRegen  0.18/turn              D - +3 ring of protection

@: finesse, very slightly contaminated, hasted, quick
A: large, see invisible, deformed body, poison resistance, slowness 2, slow
metabolism 1, spit poison 1, constrict 1, AC +5
a: Spit Poison, Heroism, Finesse, Renounce Religion, Evoke Berserk Rage


You were on level 2 of the Orcish Mines.
You worshipped Okawaru.
Okawaru was extremely pleased with you.
You were not hungry.

You visited 4 branches of the dungeon, and saw 21 of its levels.

You collected 1390 gold pieces.
You spent 200 gold pieces at shops.

Inventory:

Hand Weapons
 a - a +3 flail of venom (weapon)
Missiles
 q - 3 silver boomerangs
 t - 12 javelins
 v - 53 boomerangs (quivered)
 J - 13 atropa-tipped darts
 M - 4 curare-tipped darts
Armour
 c - a +0 shield (worn)
 h - the +0 ring mail "Iqipn" (worn) {rPois Dex+4 Slay+3}
   (You found it on level 5 of the Dungeon)

   It affects your dexterity (+4).
   It affects your accuracy and damage with ranged weapons and melee attacks
   (+3).
   It protects you from poison.
 k - a +1 cloak (worn)
 y - a +2 pair of gloves (worn)
 E - a +1 helmet (worn)
 Q - the +0 naga barding of Mirth (worn) {rElec rC- rN++ Stlth+}
   (Okawaru gifted it to you on level 11 of the Dungeon)

   It makes you vulnerable to cold.
   It insulates you from electricity.
   It greatly protects you from negative energy.
   It makes you more stealthy.
Jewellery
 b - a +3 ring of dexterity (left hand)
 A - an uncursed ring of ice
 D - a +3 ring of protection (right hand)
 G - an uncursed ring of resist corrosion
 I - an uncursed ring of fire
 U - the amulet of Ytarowy (around neck) {+Rage Str+2}
   (You found it on level 6 of the Lair of Beasts)

   [amulet of rage]

   It affects your strength (+2).
   It lets you go berserk.
Wands
 f - a wand of iceblast (13)
 g - a wand of flame (33)
 p - a wand of enslavement (11)
 z - a wand of clouds (8)
 P - a wand of disintegration (17)
 S - a wand of polymorph (6)
Scrolls
 i - a scroll of enchant weapon
 n - 8 scrolls of teleportation
 r - 6 scrolls of remove curse
 C - 2 scrolls of fog
 R - a scroll of brand weapon
 W - 2 scrolls of blinking
Potions
 d - 3 potions of might
 l - a potion of agility
 m - 2 potions of mutation
 o - a potion of resistance
 u - a potion of haste
 x - 5 potions of flight
 B - a potion of cancellation
 F - 3 potions of magic
 H - 2 potions of berserk rage
 K - 6 potions of lignification
 L - a potion of brilliance
 T - a potion of invisibility
Miscellaneous
 N - a box of beasts
Comestibles
 e - 27 rations


   Skills:
 + Level 11.8 Fighting
 - Level 14.0 Maces & Flails
 - Level 7.0 Throwing
 + Level 6.7 Armour
 + Level 6.8 Dodging
 - Level 4.0 Stealth
 + Level 6.8 Shields
 - Level 11.0 Invocations
 - Level 3.0 Evocations


You had 14 spell levels left.
You didn't know any spells.
Your spell library contained the following spells:

 Spells                   Type           Power        Failure   Level  Hunger
 Beastly Appendage        Tmut           #.....       69%         1    ##.....
 Corona                   Hex            #......      69%         1    ##.....
 Infusion                 Chrm           #...         69%         1    ##.....
 Shroud of Golubria       Chrm/Tloc      #.....       83%         2    ###....
 Slow                     Hex            #.......     83%         2    ###....
 Song of Slaying          Chrm           #.......     83%         2    ###....
 Sticks to Snakes         Tmut           #.......     83%         2    ###....
 Inner Flame              Hex/Fire       #.......     96%         3    ####...
 Portal Projectile        Hex/Tloc       #.....       96%         3    ####...
 Regeneration             Chrm/Necr      #.........   96%         3    ####...
 Spectral Weapon          Hex/Chrm       #.......     96%         3    ####...
 Spider Form              Tmut/Pois      #.........   96%         3    ####...
 Cause Fear               Hex            #.........   100%        4    #####..
 Ice Form                 Ice/Tmut       #.......     100%        4    #####..
 Leda's Liquefaction      Hex/Erth       #.........   100%        4    #####..
 Summon Lightning Spire   Summ/Air       #.......     100%        4    #####..
 Blade Hands              Tmut           #.........   100%        5    ######.
 Bolt of Magma            Conj/Fire/Erth #.........   100%        5    ######.
 Iskenderun's Battlesphe  Conj/Chrm      #.......     100%        5    ######.
 Silence                  Hex/Air        #.........   100%        5    ######.
 Venom Bolt               Conj/Pois      #.........   100%        5    ######.
 Conjure Ball Lightning   Conj/Air       #.........   100%        6    #######
 Deflect Missiles         Chrm/Air       #.........   100%        6    #######
 Iron Shot                Conj/Erth      #.........   100%        6    #######
 Orb of Destruction       Conj           #.........   100%        7    #######
 Spellforged Servitor     Conj/Summ      #.........   100%        7    #######
 Tornado                  Air            #.........   100%        9    #######


Dungeon Overview and Level Annotations

Branches:
Dungeon (12/15)            Temple (1/1) D:4            Lair (6/6) D:8
  Swamp (0/4) Lair:3        Snake (0/4) Lair:4        Slime (0/5) Lair:5
    Orc (2/2) D:10            Elf (0/3) Orc:2

Altars:
Ashenzari
Cheibriados
Dithmenos
Elyvilon
Fedhas
Gozag
Hepliaklqana
Kikubaaqudgha
Makhleb
Nemelex Xobeh
Okawaru
Qazlal
Ru
Sif Muna
Trog
Uskayaw
Vehumet
Wu Jian
Xom
Yredelemnul
Zin
The Shining One
Jiyva

Shops:
D:6 [   D:9 *   D:10 :   Orc:1 [   Orc:2 [(

Portals:
Hell: Lair:6

Annotations:
Lair:5 1 runed translucent door


Innate Abilities, Weirdness & Mutations

You cannot wear boots.
Your serpentine skin is tough. (AC +5)
You have supernaturally acute eyesight. (SInv)
Armour fits poorly on your strangely shaped body.
Your system is resistant to poisons. (rPois)
You cover ground very slowly.
You have a slow metabolism.
You can spit poison.
You can use your snake-like lower body to constrict enemies.


Message History

As you read the scroll of blinking, it crumbles to dust.
The orc warrior closely misses you.
Found 39 gold pieces.
You hit the orc warrior but do no damage.
The orc warrior is poisoned.
Your grab misses the orc warrior.
The orc knight roars a battlecry!
The orc warriors go into a battle-frenzy!
You sock the orc warrior! You grab the orc warrior.
The orc warrior is heavily wounded.
You constrict the orc warrior.
The orc warrior no longer looks unusually strong.
You barely miss the orc warrior.
The orc warrior is heavily wounded.
You constrict the orc warrior.
You hit the orc warrior but do no damage.
The orc warrior looks even sicker.
The orc warrior is heavily wounded.
You constrict the orc warrior.
The orc warrior hits you with a +0 morningstar!
You die...

*,,,**,*,,,,,,,,,,,,,,,,,,**
**,*,,...............,,,,,,*
*,,,,,............$..,,,,,**
****,,...............,,,,,***
*******...............,**,,*,**
***,,,***#.......P......,,,,,,,,,
*,,,*,,,**#.......P.....,,,,,*,,,
,,,,,*,,,*#.....o.......,,,,**,,,
*,,,**,,,*#.....@..............,,
,*,,***,,,#.#....P...o..........,
,,,***,,,,*#.....PP............<.
*,** *,,,,,#.....P.....o.........
*** ***,,..........o8...........
*,.....$.....o.o........##
**,.##.....#....Co).......#
*,,,*###.......#)ยง)o......#
**,** ***,*,,*###ho......#


You could see 2 orc knights, a cyclops, 4 orc warriors and an orc.

Vanquished Creatures
  An orc warlord (Orc:2)
  3 dire elephants
  Snorg (D:11)
  4 hydras
  6 two-headed ogres
  2 orc high priests (Orc:2)
  Nergalle (D:11)
  A sixfirhy (Lair:6)
  4 skeletal warriors (D:11)
  An unseen horror (D:10)
  A wizard (Lair:6)
  A lindwurm (Lair:5)
  An ugly thing (D:11)
  An orc sorcerer (Orc:2)
  12 elephants
  A rust devil (D:10)
  2 gargoyles (D:11)
  2 black mambas
  3 orange demons (Lair:6)
  15 spiny frogs
  A smoke demon (Lair:6)
  8 komodo dragons
  2 kobold demonologists
  3 rime drakes
  2 ice devils (Lair:6)
  3 polar bears
  A queen bee (D:8)
  8 dream sheep (Lair:5)
  8 hippogriffs
  8 blink frogs
  A shadow (D:12)
  3 wyverns
  16 yaks
  A human (D:6)
  A hungry ghost (D:12)
  2 basilisks (Lair:2)
  A warg (Orc:1)
  5 hell hounds (Lair:6)
  7 porcupines
  16 orc warriors
  8 water moccasins
  A hornet zombie (D:10)
  4 ice beasts
  3 phantoms
  An eye of draining (D:7)
  3 sky beasts
  A necrophage (D:8)
  4 ogres
  10 centaurs
  14 crocodiles
  2 big kobolds (D:12)
  18 bullfrogs
  A water moccasin skeleton (D:7)
  5 scorpions
  18 killer bees
  6 wights
  3 electric eels
  10 crimson imps
  A bullfrog zombie (D:6)
  4 howler monkeys
  A lava snake (Lair:4)
  6 hounds
  2 quasits
  A centaur zombie (D:8)
  A bullfrog skeleton (D:7)
  16 orc priests
  2 jellies
  15 orc wizards
  4 centaur skeletons
  9 iguanas
  13 worker ants
  A howler monkey zombie (D:7)
  A worker ant zombie (D:7)
  4 gnolls (D:5)
  15 adders
  5 shadow imps
  3 oozes
  2 adder zombies (D:6)
  An adder skeleton (D:7)
  4 worms
  4 dart slugs
  2 leopard geckos
  60 orcs
  A ball python (D:5)
  11 giant cockroaches
  7 hobgoblins
  17 jackals
  9 kobolds
  4 quokkas
  6 bats
  2 frilled lizards
  5 goblins
  A goblin skeleton (D:6)
  3 jackal zombies
  A quokka zombie (D:7)
  6 rats
  A fungus (Lair:6)
523 creatures vanquished.

Vanquished Creatures (others)
  10 fungi
  5 plants
  11 toadstools (Lair:5)
26 creatures vanquished.

Grand Total: 549 creatures vanquished

Notes
Turn   | Place    | Note
-------+----------+-------------------------------------------
     0 | D:1      | silenth the Naga Fighter began the quest for the Orb.
     0 | D:1      | Reached XP level 1. HP: 21/21 MP: 1/1
   295 | D:1      | Reached XP level 2. HP: 27/28 MP: 2/2
   641 | D:1      | Reached skill level 3 in Maces & Flails
   646 | D:1      | Reached XP level 3. HP: 34/34 MP: 3/3
  1483 | D:2      | Reached XP level 4. HP: 43/43 MP: 4/4
  1753 | D:3      | Reached skill level 4 in Maces & Flails
  1966 | D:3      | Found a shimmering altar of Xom.
  1973 | D:3      | Reached skill level 4 in Fighting
  1973 | D:3      | Reached XP level 5. HP: 50/50 MP: 5/5
  1997 | D:3      | Reached skill level 5 in Maces & Flails
  1997 | D:3      | Reached XP level 6. HP: 57/58 MP: 6/6
  2481 | D:4      | Found a staircase to the Ecumenical Temple.
  2506 | Temple   | Entered the Ecumenical Temple
  2701 | Temple   | Became a worshipper of Warmaster Okawaru
  2808 | D:4      | Reached skill level 1 in Invocations
  3009 | D:4      | Reached XP level 7. HP: 54/66 MP: 8/8
  3106 | D:4      | Reached skill level 6 in Maces & Flails
  3144 | D:4      | Reached skill level 5 in Fighting
  3453 | D:5      | Entered Level 5 of the Dungeon
  3489 | D:5      | Reached skill level 2 in Invocations
  3500 | D:5      | Got a warped ring mail
  3511 | D:5      | Identified the cursed +0 ring mail "Iqipn" {rPois Dex+4
                  | Slay+3} (You found it on level 5 of the Dungeon)
  3555 | D:5      | Found a blossoming altar of Fedhas.
  3557 | D:5      | Found a radiant altar of Vehumet.
  3641 | D:5      | Found a sacrificial altar of Ru.
  3894 | D:5      | Reached * piety under Okawaru
  3896 | D:5      | Reached skill level 3 in Invocations
  3931 | D:5      | Reached XP level 8. HP: 70/75 MP: 10/10
  4136 | D:6      | Found a runed translucent door.
  4143 | D:6      | Found a basalt altar of Yredelemnul.
  4153 | D:6      | Reached skill level 7 in Maces & Flails
  4375 | D:6      | Reached skill level 6 in Fighting
  4375 | D:6      | Reached skill level 4 in Invocations
  4640 | D:6      | Reached ** piety under Okawaru
  4640 | D:6      | Reached skill level 1 in Stealth
  4641 | D:6      | Noticed a +0 hand axe
  4641 | D:6      | Noticed a +0 hand axe
  4646 | D:6      | Found a hide-covered altar of Uskayaw.
  4682 | D:6      | Reached skill level 8 in Maces & Flails
  4800 | D:6      | Found Luluonuu's Antique Armour Shoppe.
  4814 | D:6      | Bought a pair of gloves for 112 gold pieces
  4876 | D:6      | Reached skill level 2 in Stealth
  4900 | D:6      | Reached skill level 1 in Dodging
  5022 | D:7      | Reached XP level 9. HP: 51/84 MP: 12/12
  5264 | D:7      | Reached skill level 3 in Stealth
  5347 | D:7      | Reached skill level 3 in Shields
  5382 | D:7      | Reached skill level 3 in Armour
  5716 | D:7      | Reached skill level 4 in Stealth
  5778 | D:7      | Reached skill level 1 in Throwing
  5778 | D:7      | Reached skill level 2 in Dodging
  5786 | D:7      | Reached skill level 9 in Maces & Flails
  5796 | D:7      | Reached *** piety under Okawaru
  6007 | D:7      | Reached skill level 7 in Fighting
  6018 | D:7      | Reached skill level 2 in Throwing
  6266 | D:7      | Reached skill level 1 in Evocations
  6446 | D:8      | Noticed a two-headed ogre
  6457 | D:8      | Killed a two-headed ogre
  6457 | D:8      | Reached **** piety under Okawaru
  6457 | D:8      | Reached skill level 3 in Dodging
  6457 | D:8      | Reached XP level 10. HP: 93/94 MP: 13/13
  6760 | D:8      | Reached skill level 3 in Throwing
  6803 | D:8      | Reached skill level 10 in Maces & Flails
  6823 | D:8      | Found a sacrificial altar of Ru.
  7089 | D:8      | Found a staircase to the Lair.
  7916 | D:9      | Reached skill level 8 in Fighting
  7992 | D:9      | Reached skill level 5 in Invocations
  8027 | D:9      | Reached ***** piety under Okawaru
  8230 | D:9      | Reached skill level 11 in Maces & Flails
  8467 | D:9      | Found a hide-covered altar of Uskayaw.
  8773 | D:9      | Reached XP level 11. HP: 97/103 MP: 15/15
  8778 | D:9      | Found Beery's Assorted Antiques.
  8783 | D:9      | Bought a green potion for 29 gold pieces
  8783 | D:9      | Bought 2 black potions for 59 gold pieces
  9084 | D:10     | Entered Level 10 of the Dungeon
  9092 | D:10     | Reached skill level 6 in Invocations
  9139 | D:10     | Noticed an unseen horror
  9153 | D:10     | Killed an unseen horror
  9223 | D:10     | Received a gift from Okawaru
  9364 | D:10     | Reached skill level 9 in Fighting
  9758 | D:10     | Found Raivail's Book Boutique.
  9823 | D:10     | Noticed a two-headed ogre
  9834 | D:10     | Killed a two-headed ogre
  9834 | D:10     | Reached skill level 12 in Maces & Flails
 10416 | D:10     | Found a staircase to the Orcish Mines.
 10664 | D:11     | Noticed a two-headed ogre
 10670 | D:11     | Killed a two-headed ogre
 11033 | D:11     | Noticed Snorg
 11051 | D:11     | Killed Snorg
 11051 | D:11     | Received a gift from Okawaru
 11289 | D:11     | Noticed a cyan ugly thing
 11312 | D:11     | Killed a cyan ugly thing
 11312 | D:11     | Reached skill level 13 in Maces & Flails
 11445 | D:11     | Noticed a two-headed ogre
 11628 | D:11     | Killed a two-headed ogre
 11628 | D:11     | Reached skill level 10 in Fighting
 11628 | D:11     | Reached XP level 12. HP: 106/116 MP: 13/16
 11769 | D:11     | Received a gift from Okawaru
 11790 | D:11     | Got a twisted naga barding {god gift}
 11796 | D:11     | Identified the +0 naga barding of Mirth {rElec rC- rN++
                  | Stlth+} (Okawaru gifted it to you on level 11 of the
                  | Dungeon)
 11824 | D:11     | HP: 4/116 [skeletal warrior/+0 glaive[a skeletal warrior]
                  | (19)]
 12261 | D:11     | Reached skill level 4 in Dodging
 12496 | D:11     | Reached skill level 4 in Throwing
 12677 | D:11     | Noticed a two-headed ogre
 12685 | D:11     | Killed a two-headed ogre
 12685 | D:11     | Reached skill level 4 in Armour
 12685 | D:11     | Reached skill level 4 in Shields
 13018 | D:11     | Found a hide-covered altar of Uskayaw.
 13019 | D:11     | Noticed Nergalle
 13032 | D:11     | Killed Nergalle
 13032 | D:11     | Reached skill level 7 in Invocations
 13143 | D:12     | Identified a scroll of acquirement
 13367 | D:12     | Noticed a two-headed ogre
 13374 | D:12     | Killed a two-headed ogre
 13937 | Lair:1   | Entered Level 1 of the Lair of Beasts
 14089 | Lair:1   | Received a gift from Okawaru
 14891 | Lair:2   | Noticed an eight-headed hydra
 14904 | Lair:2   | Killed an eight-headed hydra
 14904 | Lair:2   | Gained mutation: You can use your snake-like lower body to
                  | constrict enemies. [Naga growth]
 14904 | Lair:2   | Reached XP level 13. HP: 83/124 MP: 10/18
 14917 | Lair:2   | Received a gift from Okawaru
 14999 | Lair:2   | Reached skill level 14 in Maces & Flails
 15557 | Lair:2   | Reached skill level 5 in Throwing
 15727 | Lair:2   | Reached skill level 5 in Dodging
 15744 | Lair:2   | Received a gift from Okawaru
 16686 | Lair:3   | Found a staircase to the Swamp.
 16698 | Lair:3   | Reached skill level 5 in Armour
 17019 | Lair:4   | Reached skill level 8 in Invocations
 17062 | Lair:4   | Received a gift from Okawaru
 17062 | Lair:4   | Reached skill level 5 in Shields
 17745 | Lair:4   | Found a staircase to the Snake Pit.
 17880 | Lair:4   | Reached skill level 11 in Invocations
 17880 | Lair:4   | Reached XP level 14. HP: 133/133 MP: 19/22
 18151 | Lair:5   | Found a runed translucent door.
 18151 | Lair:5   | Found a viscous altar of Jiyva.
 18151 | Lair:5   | Found a staircase to the Slime Pits.
 18183 | Lair:5   | Received a gift from Okawaru
 18183 | Lair:5   | Reached skill level 2 in Evocations
 18184 | Lair:5   | Got a polished naga barding {god gift}
 18195 | Lair:5   | Identified the +0 naga barding of Seocequd {rC- Int+7}
                  | (Okawaru gifted it to you on level 5 of the Lair of Beasts)
 18235 | Lair:5   | Reached skill level 11 in Fighting
 18440 | Lair:5   | Noticed a dire elephant
 18462 | Lair:5   | Found a runed translucent door.
 18506 | Lair:5   | Noticed Sonja
 18508 | Lair:5   | Noticed Sonja
 18508 | Lair:5   | Sonja changed into Sonja the polar bear
 18513 | Lair:5   | Killed Sonja the polar bear
 18599 | Lair:5   | Reached skill level 3 in Evocations
 19619 | Lair:5   | Reached skill level 6 in Throwing
 19688 | Lair:5   | Killed a dire elephant
 19690 | Lair:5   | Reached skill level 6 in Dodging
 19781 | Lair:6   | Entered Level 6 of the Lair of Beasts
 19804 | Lair:6   | Reached skill level 6 in Armour
 19816 | Lair:6   | Reached skill level 6 in Shields
 20021 | Lair:6   | Reached XP level 15. HP: 142/142 MP: 23/23
 20936 | Lair:6   | Found a burning altar of Makhleb.
 21208 | Lair:6   | Found a gateway to Hell.
 21216 | Lair:6   | Got a shimmering brass amulet
 21217 | Lair:6   | Identified the amulet of Ytarowy {+Rage Str+2} (You found
                  | it on level 6 of the Lair of Beasts)
 21846 | Orc:1    | Entered Level 1 of the Orcish Mines
 21912 | Orc:1    | Found Iruam's Antique Armour Shoppe.
 22130 | Orc:2    | Entered Level 2 of the Orcish Mines
 22130 | Orc:2    | Found Goen's Antique Weapon Boutique.
 22152 | Orc:2    | Noticed an orc warlord
 22153 | Orc:2    | Found Yvvext's Antique Armour Shoppe.
 22177 | Orc:2    | Killed an orc warlord
 22177 | Orc:2    | Received a gift from Okawaru
 22177 | Orc:2    | Reached skill level 7 in Throwing
 22202 | Orc:2    | HP: 13/144 [orc warrior/+0 long sword (13)]
 22204 | Orc:2    | HP: 6/144 [warg (9)]
 22209 | Orc:2    | Mangled by an orc warrior

Levels and vault maps discovered:
D:1:      minmay_arrival_hallway, layout_basic, fountainhead, nrook_campfire,
          chequers_serial_rivers_micro_a
D:2:      layout_loops_ring, serial_bayou_pond_a
D:3:      layout_basic, first_ration, led_xom_imps
D:4:      layout_rooms, minmay_temple_entry_statues_pillars
D:5:      layout_cave_pools, grunt_temple_overflow_open,
          nicolae_overflow_crystal_walls, eino_small_chamber_without_monster
D:6:      minmay_evil_eye, layout_basic, dancing_weapons_uskayaw, serial_shops,
          nicolae_shop_overgrown_old_shop, dk_yredelemnul_ordeal
D:7:      layout_loops_corners, kennysheep_potato
D:8:      layout_loops_ring, lair_entry_dummy, basic_altar, david_nohive_1
D:9:      cheibrodos_iron_armory, layout_cave_pools, basic_altar, serial_shops,
          kennysheep_little_box
D:10:     layout_irregular_city, david_orc_4, serial_shops, shop,
          chequers_serial_rivers_micro_d
D:11:     layout_basic, basic_altar, uniq_nergalle, uniq_snorg
D:12:     layout_basic, hangedman_decor_growths
Temple:   eino_narrow_crystal_temple
Lair:1:   layout_loops_ring, lemuel_fruit_tree
Lair:2:   layout_small_grid, special_room, serial_rivers,
          chequers_serial_rivers_micro_b, chequers_serial_rivers_marsh,
          chequers_serial_rivers_small_a, chequers_serial_rivers_micro_c,
          serial_bayou_pond_d, serial_bayou_pond_b, grunt_megastairs_1
Lair:3:   layout_hall_layers, swamp_mist_pool, nicolae_quartered_pool_super
Lair:4:   layout_gridlike, dummy_snake_entry, chequers_serial_rivers_micro_b,
          minivault_23
Lair:5:   gammafunk_lair_enchanted_lake, layout_layer_cave, slime_altar_2,
          nicolae_lair_grove_arrangements, infiniplex_staircase_pool_2,
          uniq_sonja
Lair:6:   evil_forest, layout_cave_pods, grunt_megastairs_4
Orc:1:    layout_caves, serial_shops, shop, shop, shop, shop, shop
Orc:2:    grunt_orc_gardens, layout_diamond_mine, grunt_orc_garden,
          grunt_orc_garden, grunt_orc_garden, grunt_orc_garden,
          nicolae_volcano_entry_s_turn, nicolae_orc_stony_grotto

Skill      XL: |  1  2  3  4  5  6  7  8  9 10 11 12 13 14 15 |
---------------+----------------------------------------------+-----
Maces & Flails | 3 4 5 6 8 9 11 13 14 | 14.0
Fighting       | 4 5 6 7 8 10 11 | 11.8
Invocations    | 1 3 4 5 6 7 11 | 11.0
Stealth        | 2 4 |  4.0
Dodging        | 1 3 4 5 6 |  6.8
Shields        | 3 4 5 6 |  6.8
Armour         | 3 4 5 6 |  6.7
Throwing       | 2 3 4 5 6 7 |  7.0
Evocations     | 1 3 |  3.0

Action                   |  1- 3 |  4- 6 |  7- 9 | 10-12 | 13-15 || total
-------------------------+-------+-------+-------+-------+-------++-------
Melee: Flail             |    74 |       |   156 |   769 |   600 ||  1599
       Mace              |    41 |   166 |   234 |       |       ||   441
       Constrict         |       |       |       |       |   109 ||   109
Throw: Javelin           |       |     2 |       |       |       ||     2
       Throwing net      |       |     1 |       |       |       ||     1
       Boomerang         |       |       |       |     5 |    19 ||    24
Invok: Heroism           |       |       |     2 |    15 |    11 ||    28
       Finesse           |       |       |       |     3 |     4 ||     7
 Abil: Spit Poison       |     2 |       |     1 |       |       ||     3
Evoke: Wand              |       |       |       |     7 |     1 ||     8
  Use: Scroll            |     4 |     9 |     3 |    14 |    12 ||    42
       Potion            |       |       |       |     5 |     8 ||    13
 Stab: Sleeping          |       |       |     1 |    13 |    13 ||    27
       Distracted        |       |       |       |       |     1 ||     1
  Eat: Chunk             |     1 |     4 |    10 |    14 |     5 ||    34
       Ration            |       |       |       |     3 |     4 ||     7
Armor: Scale mail        |    76 |    60 |    34 |       |       ||   170
       Ring mail         |       |       |   118 |   346 |   325 ||   789
       Skin              |       |       |       |     1 |       ||     1
Dodge: Dodged            |    28 |    27 |   105 |   278 |   257 ||   695
Block: Shield            |    59 |    84 |   169 |   416 |   335 ||  1063
